 Dungeon Crawl Stone Soup version 0.31-a0-986-g5e6e4ef867 (webtiles) character file.

Game seed: 7279580930441121868

55 Naiya55 the Chopper (level 4, -7/35 HPs)
             Began as a Formicid Fighter on Nov 4, 2023.
             Was an Initiate of Okawaru.
             Mangled by Grinder (8 damage)
             ... on level 3 of the Dungeon.
             The game lasted 00:01:53 (1793 turns).

Naiya55 the Chopper (Formicid Fighter)              Turns: 1793, Time: 00:01:53

Health: -7/35      AC:  6    Str: 23    XL:     4   Next: 14%
Magic:  4/4        EV:  9    Int:  7    God:    Okawaru [......]
Gold:   148        SH:  5    Dex: 13    Spells: 3/3 levels left

rFire   . . .        a - +0 war axe
rCold   . . .        c - +0 buckler
rNeg    . . .        m - +0 scale mail
rPois   .            (helmet unavailable)
rElec   .            (no cloak)
rCorr   .            (no gloves)
SInv    +            (no boots)
Will    .....        (no amulet) Stlth
                     (no ring)
HPRegen 0.25/turn    (no ring)
MPRegen 0.09/turn

%: no passive effects
@: mighty
A: permanent stasis, dig shafts and tunnels, antennae 3, four strong arms
a: Dig, Shaft Self, Renounce Religion


You were on level 3 of the Dungeon.
You worshipped Okawaru.
Okawaru was noncommittal.
You visited 1 branch of the dungeon, and saw 3 of its levels.

You collected 148 gold pieces.

Inventory:

Hand Weapons
 a - a +0 war axe (weapon)
 b - a +0 sling
Armour
 c - a +0 buckler (worn)
 m - a +0 scale mail (worn)
Jewellery
 n - an amulet of guardian spirit
Scrolls
 e - 4 scrolls of teleportation {unknown}
 g - a scroll of enchant armour {unknown}
 h - a scroll of poison {unknown}
 i - 3 scrolls of identify {unknown}
 k - a scroll of amnesia {unknown}
Potions
 f - a potion of heal wounds {unknown}
 j - a potion of lignification {unknown}
 l - a potion of ambrosia {unknown}


   Skills:
 - Level 3.2 Fighting
 + Level 4.1 Axes
 - Level 3.2 Armour
 - Level 4.0 Shields


You had 3 spell levels left.
You didn't know any spells.
Your spell library was empty.

Dungeon Overview and Level Annotations

Branches:
Dungeon (3/15)

Altars:
Okawaru

Annotations:
D:3 Grinder


Innate Abilities, Weirdness & Mutations

You cannot be hasted, slowed, berserked, paralysed or teleported.
You can dig through walls and to a lower floor.
You have a pair of large antennae on your head. (SInv)
Your four strong arms can wield two-handed weapons with a shield.


Message History

You kill the hobgoblin!
Okawaru accepts your kill.
Grinder says, "Make like a tree!"
You feel very mighty all of a sudden. Grinder hits you.
You writhe in agony.
You barely miss Grinder. Grinder hits you but does no damage.
You slash Grinder!
Grinder is moderately wounded.
Grinder hits you.
You writhe in agony.
Grinder says, "Just stop there for a second..."
Grinder barely misses you.
You closely miss Grinder.
Grinder is moderately wounded.
Grinder hits you.
You barely miss Grinder.
Grinder is moderately wounded.
Grinder closely misses you.
You slash Grinder!
Grinder is severely wounded.
Grinder hits you but does no damage.
You barely miss Grinder.
Grinder is severely wounded.
Grinder blinks! x2
Grinder blinks!
Grinder gestures at you. Pain shoots through your body!
You barely miss Grinder.
Grinder is severely wounded.
Grinder hits you.
You writhe in agony.
* * * LOW HITPOINT WARNING * * *
You barely miss Grinder.
Grinder is severely wounded.
Grinder gestures at you. Pain shoots through your body!
* * * LOW HITPOINT WARNING * * *
You closely miss Grinder.
Grinder is severely wounded.
Grinder barely misses you. Grinder hits you!
You die...
Grinder says, "Now the real fun starts!"

..#.#.# ### ###
.....#.... ..
..#.##.# #.###
#.#....#### ....#
##5#.......##...#
#..#...........#...#
#.......##.##......#
##....#..#5#..#....#
###..##...@.##....#
#...†.._........#
#..##.....##....#
#..#..#.#..#...†#
#....##.##......#
###.........#...##
.........#.##....#
.....#####.####.##
#...# #.# #.#


You could see Grinder.

Vanquished Creatures
  2 adders (D:2)
  A worm (D:3)
  A dart slug (D:1)
  3 endoplasms (D:1)
  A giant cockroach (D:2)
  2 goblins
  4 hobgoblins
  4 jackals (D:2)
  2 kobolds
  A quokka (D:1)
  2 ball pythons
  2 bats
  A frilled lizard (D:1)
  4 rats
30 creatures vanquished.

Notes
Turn   | Place    | Note
-------+----------+-------------------------------------------
     0 | D:1      | Naiya55 the Formicid Fighter began the quest for the Orb.
     0 | D:1      | Reached XP level 1. HP: 18/18 MP: 1/1
   149 | D:1      | Reached XP level 2. HP: 24/24 MP: 2/2
  1085 | D:2      | Identified the orb of Mutebufi {*Rage, +Inv Str+3 Dex+3
                  | Stlth-}
  1176 | D:2      | Reached XP level 3. HP: 29/29 MP: 3/3
  1552 | D:2      | Reached XP level 4. HP: 35/35 MP: 4/4
  1691 | D:3      | Found an iron altar of Okawaru.
  1701 | D:3      | Became a worshipper of Warmaster Okawaru
  1756 | D:3      | Noticed Grinder
  1792 | D:3      | HP: 1/35 [Grinder/nerve-wracking pain (7)]
  1793 | D:3      | Mangled by Grinder

Illustrated notes

Levels and vault maps discovered:
D:1:      elethiomel_arrival_quiet, layout_basic
D:2:      layout_loops_cross
D:3:      layout_basic, mainiacjoe_overflow_small_starburst,
          dilly_ecumenical_altar_fadedgnrine, uniq_jessica, uniq_natasha,
          uniq_grinder, uniq_terence

Skill      XL: |  1  2  3 |
---------------+----------+-----
Axes           | 3 4 |  4.1
Fighting       | |  3.2
Armour         | |  3.2
Shields        | |  4.0

Action                     |  1- 3 |  4- 6 || total
---------------------------+-------+-------++-------
  Melee: War axe           |    71 |    23 ||    94
    Use: Potion            |       |     1 ||     1
 Armour: Scale mail        |    51 |    14 ||    65
  Dodge: Dodged            |    33 |     7 ||    40
  Block: Buckler           |    14 |     2 ||    16

Table legend: (Time is in decaauts)
 A = Elapsed time spent in this place.
 B = Non-inter-level travel time spent in this place.
 C = Inter-level travel time spent in this place.
 D = Time resting spent in this place.
 E = Time spent auto-exploring this place.
 F = Levels seen in this place.
 G = Mean time per level.
                   A        B        C        D        E       F      G
               +--------+--------+--------+--------+--------+-----+--------+
         Total |   1825 |   1807 |     18 |      0 |   1511 |   3 |  608.3 |
       Dungeon |   1825 |   1807 |     18 |      0 |   1511 |   3 |  608.3 |
               +--------+--------+--------+--------+--------+-----+--------+

Top non-repeatable levels by time:
     D:1: 907 daAuts
     D:2: 776 daAuts
     D:3: 140 daAuts
